 Dungeon Crawl Stone Soup version 0.26.1-11-gd32895ea62 (webtiles) character file.

Game seed: 13121342216728091383

613 dtburroughs the Chopper (level 7, -2/93 HPs)
             Began as a Minotaur Berserker on July 9, 2021.
             Was a Priest of Trog.
             Slain by a phantom (7 damage)
             ... on level 4 of the Dungeon.
             The game lasted 00:05:13 (4071 turns).

dtburroughs the Chopper (Minotaur Berserker)        Turns: 4071, Time: 00:05:13

Health: -2/93      AC:  9    Str: 21    XL:     7   Next: 20%
Magic:  6/6        EV:  9    Int:  6    God:    Trog [***...]
Gold:   188        SH:  0    Dex: 10    Spells: 6/6 levels left

rFire    + + .     SeeInvis .   a - +0 hand axe
rCold    + . .     Faith    .   (no shield)
rNeg     . . .     Spirit   .   l - +0 chain mail
rPois    .         Reflect  .   (helmet restricted)
rElec    .         Harm     .   e - scarf {rC+ rF+}
rCorr    .         Rampage  .   (no gloves)
Will     +....                  (no boots)
Stlth    ..........             (no amulet)
HPRegen  0.25/turn              x - ring of protection from fire
MPRegen  0.10/turn              y - ring of willpower

@: berserking (expiring), very quick
A: retaliatory headbutt, horns 2
a: Renounce Religion, Berserk, Trog's Hand


You were on level 4 of the Dungeon.
You worshipped Trog.
Trog was most pleased with you.
You visited 1 branch of the dungeon, and saw 4 of its levels.
You also visited: Sewer.

You collected 188 gold pieces.

Inventory:

Hand Weapons
 a - a +0 hand axe (weapon)
 w - a cursed -2 whip
Armour
 e - a scarf of resistance (worn)
 l - a +0 chain mail (worn)
Jewellery
 x - a ring of protection from fire (left hand)
 y - a ring of willpower (right hand)
Wands
 s - a wand of digging (6)
Scrolls
 d - a scroll of fear {unknown}
 h - 2 scrolls of identify {unknown}
 i - a scroll of immolation {unknown}
 j - 2 scrolls of teleportation {unknown}
 n - 2 scrolls of enchant weapon {unknown}
 p - a scroll of magic mapping {unknown}
 q - 6 scrolls of remove curse {unknown}
Potions
 c - a potion of invisibility {unknown}
 f - 3 potions of curing {unknown}
 g - a potion of brilliance {unknown}
 k - a potion of magic {unknown}
 m - a potion of lignification {unknown}
 o - a potion of degeneration {unknown}
 r - 4 potions of flight {unknown}
 t - 2 potions of resistance {unknown}
 u - a potion of berserk rage {unknown}
 v - 3 potions of heal wounds {unknown}


   Skills:
 + Level 5.9 Fighting
 + Level 6.0 Axes
 + Level 5.1 Armour
 + Level 4.6 Dodging


You had 6 spell levels left.
You didn't know any spells.
Your spell library was empty.

Dungeon Overview and Level Annotations

Branches:
Dungeon (4/15)              Sewer (visited)
 Temple: D:4-7

Altars:
Kikubaaqudgha
Nemelex Xobeh
Okawaru
Sif Muna
Wu Jian


Innate Abilities, Weirdness & Mutations

You reflexively headbutt those who attack you in melee.
You have a pair of horns on your head.


Message History

* * * LOW HITPOINT WARNING * * *
The phantom blinks!
The orc priest mumbles some strange prayers to Beogh against you.
You resist with some effort.
The phantom blinks!
There is an open door here.
Items here: ) [ ††.
You hit the orc priest.
You kill the orc priest!
Trog accepts your kill.
Your Axes skill increases to level 6!
The phantom blinks!
Things that are here:
a +0 flail; a +0 chain mail; an orc corpse You feel a strong urge to attack something.
You closely miss the phantom.
The phantom is severely damaged.
You closely miss the phantom.
The phantom is severely damaged.
The phantom hits you!
You die...

#........# #+# #.# ##.#.###.#
##...## ##.## #....>..#
##..^..######...## ####>#.###
##.......#.....#..#
........####..........#.#....#
...........+.................#
.##.....####..........###....#
.##.#..## #.......#. #..#.#
......## #.W@..##.###.##.#
###.### ##.).###........# #.#
##)## #####.#### #.##########
#.########.#
#..........###.#.....†..#
######......##.#.########
#.###..#....# #.# #.......#
#.# #..#....#


You could see a phantom.

Vanquished Creatures
  2 phantoms
  A big kobold (Sewer)
  An orc priest (D:4)
  An orc wizard (D:4)
  Natasha (thrice) (D:2)
  A worker ant (D:4)
  9 adders
  3 river rats
  3 worms
  5 dart slugs
  3 leopard geckos (D:3)
  2 orcs
  A bat (D:2)
  8 giant cockroaches
  7 goblins
  9 hobgoblins
  7 jackals
  10 kobolds
  5 quokkas
  2 ball pythons (D:2)
  3 frilled lizards
  9 rats
95 creatures vanquished.

Notes
Turn   | Place    | Note
-------+----------+-------------------------------------------
     0 | D:1      | dtburroughs the Minotaur Berserker began the quest for the
                  | Orb.
     0 | D:1      | Reached XP level 1. HP: 19/19 MP: 0/0
   115 | D:1      | Reached XP level 2. HP: 27/27 MP: 1/1
   536 | D:1      | Reached skill level 4 in Axes
   910 | D:2      | Reached XP level 3. HP: 21/33 MP: 2/2
  1419 | D:2      | Reached ** piety under Trog
  1432 | D:2      | Noticed Natasha
  1439 | D:2      | Killed Natasha
  1440 | D:2      | Reached XP level 4. HP: 41/41 MP: 3/3
  2005 | D:2      | Noticed Natasha
  2009 | D:2      | Killed Natasha
  2184 | D:2      | Noticed Natasha
  2187 | D:2      | Killed Natasha
  2188 | D:2      | Reached XP level 5. HP: 47/47 MP: 4/4
  2282 | D:3      | Found a shimmering blue altar of Sif Muna.
  2282 | D:3      | Found an iron altar of Okawaru.
  2440 | D:3      | Noticed a phantom
  2480 | D:3      | Killed a phantom
  2481 | D:3      | Reached skill level 5 in Fighting
  2481 | D:3      | Reached skill level 5 in Axes
  2481 | D:3      | Reached XP level 6. HP: 38/56 MP: 5/5
  2711 | D:3      | Found a glowing drain.
  2719 | Sewer    | Entered a sewer
  2927 | Sewer    | Reached *** piety under Trog
  2960 | Sewer    | Found a white marble altar of Elyvilon.
  3403 | D:3      | Found an ornate altar of the Wu Jian Council.
  3551 | D:3      | Found an ancient bone altar of Kikubaaqudgha.
  3616 | D:4      | Found a sparkling altar of Nemelex Xobeh.
  3697 | D:4      | Reached XP level 7. HP: 55/62 MP: 6/6
  3795 | D:4      | Reached skill level 5 in Armour
  4065 | D:4      | HP: 4/93 [phantom (3)]
  4068 | D:4      | Reached skill level 6 in Axes
  4071 | D:4      | Slain by a phantom

Illustrated notes

Levels and vault maps discovered:
D:1:      dpeg_arrival_stonehenge_12_columns, layout_loops_ring
D:2:      layout_basic, minmay_misc_feat_pillars, minmay_guardbox, uniq_natasha
D:3:      layout_loops_cross, marbit_many_paths, nicolae_overflow_crystal_walls,
          gammafunk_temple_overflow_wave, gup_sewer_entry_bubbles
D:4:      layout_loops_corners, old_standard_altar, lemuel_crystal_altar,
          tgw_sif

Skill      XL: |  1  2  3  4  5  6  7 |
---------------+----------------------+-----
Fighting       | 4 5 |  5.9
Axes           | 4 5 6 |  6.0
Armour         | 3 4 5 |  5.1
Dodging        | 3 4 |  4.6

Action                   |  1- 3 |  4- 6 |  7- 9 || total
-------------------------+-------+-------+-------++-------
Melee: Hand axe          |    82 |   154 |    33 ||   269
       Headbutt          |     9 |    29 |     7 ||    45
Invok: Berserk           |     1 |       |     1 ||     2
       Trog's Hand       |       |       |     1 ||     1
Armor: Animal skin       |    10 |       |       ||    10
       Chain mail        |    21 |    69 |    10 ||   100
Dodge: Dodged            |    52 |    70 |    12 ||   134
